[Event "Team 45 45 League T27"]
[Site "Internet Chess Club"]
[Date "2005.06.18"]
[Round "1"]
[White "kevinfons"]
[Black "mogwop"]
[Result "1/2-1/2"]
[WhiteElo "1451"]
[BlackElo "1454"]
[TimeControl "2700+45"]

1. c4 e5 2. Nc3 Nf6 3. e4 d6 4. d3 c5 5. Bg5 Nbd7 6. Nf3 Be7 7. Bxf6 Nxf6 8. Nd5
Nxd5 9. exd5 Qa5+ 10. Qd2 Qxd2+ 11. Nxd2 O-O 12. Be2 Bf5 13. O-O Bf6 14. Ne4
Bxe4 15. dxe4 a6 16. a3 Rab8 17. b4 b6 18. Rab1 h6 19. g3 Be7 20. f4 Bf6 21. b5
a5 22. a4 Rbe8 23. Bd3 g6 24. Rf3 Bg7 25. Rbf1 Kh7 26. f5 gxf5 27. Rxf5 f6 28.
g4 Kg6 29. h4 Kf7 30. Kh2 Ke7 31. Kh3 Rf7 32. g5 hxg5 33. hxg5 Rff8 34. gxf6+
Rxf6 35. Kg4 Ref8 36. Rh1 Rxf5 37. exf5 Kf6 38. Be4 Rh8 39. Rxh8 Bxh8 40. Kh5
Bg7 41. Kg4 Bh6 42. Kh5 Bf4 43. Kg4 Bh6 {Game drawn by mutual agreement} 1/2-1/2

[Event "Team 45 45 League T27"]
[Site "Internet Chess Club"]
[Date "2005.06.21"]
[Round "1"]
[White "camembert"]
[Black "MiroslavR"]
[Result "0-1"]
[WhiteElo "1818"]
[BlackElo "2003"]
[TimeControl "2700+45"]

1. f4 Nf6 2. Nf3 g6 3. e3 Bg7 4. Be2 O-O 5. O-O d5 6. b3 c5 7. Bb2 Nc6 8. d3 b5
9. Nbd2 d4 10. e4 Ng4 11. Qc1 Ne3 12. Rf2 Nb4 13. c3 Nbc2 14. cxd4 Nxa1 15. Qxa1
cxd4 16. Nf1 Ng4 {White resigns} 0-1

[Event "Team 45 45 League T27"]
[Site "Internet Chess Club"]
[Date "2005.06.18"]
[Round "1"]
[White "Gandalf"]
[Black "forquesato"]
[Result "0-1"]
[WhiteElo "1808"]
[BlackElo "1836"]
[TimeControl "2700+45"]

1. d4 c6 2. Nf3 d5 3. Bg5 Bf5 4. Nbd2 Nd7 5. e3 Ngf6 6. Be2 Qc7 7. Bf4 Qb6 8.
Nh4 Bg6 9. Nxg6 hxg6 10. Rb1 e6 11. h3 Be7 12. O-O Nh5 13. Bh2 c5 14. c3 Bd6 15.
Bxd6 Qxd6 16. e4 Qf4 17. exd5 exd5 18. Re1 O-O-O 19. Nf3 Ndf6 20. Ne5 Ne4 21.
Nd3 Qh4 22. dxc5 Nf4 23. Bf3 Nxd3 24. Qxd3 Qxf2+ 25. Kh1 Rxh3+ {White resigns}
0-1

[Event "Team 45 45 League T27"]
[Site "Internet Chess Club"]
[Date "2005.06.21"]
[Round "1"]
[White "six-killer"]
[Black "ChessJunior"]
[Result "1/2-1/2"]
[WhiteElo "1773"]
[BlackElo "1763"]
[TimeControl "2700+45"]

1. e4 e5 2. Nf3 Nf6 3. Nxe5 d6 4. Nf3 Nxe4 5. Nc3 Nxc3 6. dxc3 Be7 7. Bf4 O-O 8.
Qd2 Nd7 9. O-O-O Re8 10. Kb1 a6 11. h3 Nc5 12. Bd3 Bd7 13. Nd4 Nxd3 14. Qxd3 Bh4
15. Rdf1 Bg5 16. g3 Bxf4 17. gxf4 Qf6 18. Qf3 c5 19. Qxb7 cxd4 20. Qxd7 dxc3 21.
Rd1 Rad8 22. Qc6 cxb2 23. Rhe1 Re6 24. Rxe6 Qxe6 25. Qc7 Qf6 26. Rd4 a5 27. Qxa5
h6 28. Qb6 Re8 29. a4 Re1+ 30. Kxb2 Re4 31. c3 Re2+ 32. Ka3 Qe6 33. Qb8+ Kh7 34.
Qb1+ Kg8 35. Qb8+ Kh7 36. Qb1+ Kg8 37. Qb8+ Kh7 {Game drawn by repetition}
1/2-1/2

[Event "Team 45 45 League T27"]
[Site "Internet Chess Club"]
[Date "2005.06.18"]
[Round "1"]
[White "rayonline53"]
[Black "jmc860"]
[Result "1-0"]
[WhiteElo "1571"]
[BlackElo "1580"]
[TimeControl "2700+45"]

1. e4 e6 2. d4 d5 3. Nc3 Bb4 4. e5 Qd7 5. Nf3 b6 6. Be3 Ba6 7. Bd3 Bxc3+ 8. bxc3
Bxd3 9. Qxd3 h6 10. O-O Qc6 11. Nd2 Ne7 12. c4 O-O 13. f4 Nf5 14. Bf2 Nd7 15.
cxd5 Qxd5 16. c4 Qb7 17. Qf3 Qxf3 18. Nxf3 c6 19. a4 c5 20. d5 exd5 21. cxd5
Rad8 22. d6 Rfe8 23. g4 Nd4 24. Bxd4 cxd4 25. Nxd4 g5 26. Nc6 Ra8 27. Ne7+ Kg7
28. Rae1 Nc5 29. f5 f6 30. e6 Nd3 31. Rd1 Ne5 32. h3 Rad8 33. Nc8 Rxc8 34. d7
Nc4 35. dxe8=Q Rxe8 36. Rd7+ Kf8 37. Rfd1 Ne5 38. Rxa7 Nc4 39. Rdd7 Ne5 40. Rh7
Kg8 41. Rag7+ Kf8 42. e7+ Rxe7 43. Rxe7 {Black resigns} 1-0

[Event "Team 45 45 League T27"]
[Site "Internet Chess Club"]
[Date "2005.06.16"]
[Round "1"]
[White "MikkoN"]
[Black "martineden"]
[Result "1-0"]
[WhiteElo "1899"]
[BlackElo "1839"]
[TimeControl "2700+45"]

1. c4 c5 2. g3 g6 3. Bg2 Nc6 4. Nc3 Bg7 5. Nf3 e6 6. d4 cxd4 7. Nb5 d5 8. cxd5
Qa5+ 9. Nd2 Qxb5 10. dxc6 bxc6 11. a4 Qb6 12. Nc4 Qb4+ 13. Bd2 Qxc4 14. Rc1 Qxc1
15. Qxc1 Bd7 16. Bxc6 Ne7 17. Bxa8 {Black resigns} 1-0

[Event "Team 45 45 League T27"]
[Site "Internet Chess Club"]
[Date "2005.06.20"]
[Round "1"]
[White "VammSK"]
[Black "NFK"]
[Result "1-0"]
[WhiteElo "1782"]
[BlackElo "1711"]
[TimeControl "2700+45"]

1. d4 Nf6 2. c4 c5 3. Nf3 cxd4 4. Nxd4 e5 5. Nc2 Nc6 6. Nc3 Bc5 7. e4 d6 8. Be3
Bg4 9. f3 Be6 10. Bxc5 dxc5 11. Nd5 Qa5+ 12. Qd2 Qxd2+ 13. Kxd2 O-O-O 14. Rd1
Nd4 15. Kc1 Nd7 16. Nxd4 exd4 17. Nf4 Rhe8 18. Bd3 Ne5 19. b3 a5 20. a4 Rd6 21.
Bc2 Red8 22. Nd3 Nxd3+ 23. Rxd3 f6 24. h3 Bf7 25. f4 Re8 26. Rg3 g6 27. Re1 Red8
28. Rd3 g5 29. e5 Re6 30. Rf3 Re7 31. Kd2 Bg6 32. Bxg6 hxg6 33. exf6 Rxe1 34.
Kxe1 gxf4 35. Rxf4 Rf8 36. g4 Kd7 37. g5 Kd6 38. Re4 Rf7 39. Kd2 Rh7 40. h4 Rf7
41. Kd3 b6 42. Re8 Rh7 43. Rg8 Rxh4 44. f7 Rh3+ 45. Ke2 {Black resigns} 1-0

[Event "Team 45 45 League T27"]
[Site "Internet Chess Club"]
[Date "2005.06.17"]
[Round "1"]
[White "chinta"]
[Black "FinnishPlayer"]
[Result "1-0"]
[WhiteElo "1590"]
[BlackElo "1675"]
[TimeControl "2700+45"]

1. e4 e5 2. Bc4 Nc6 3. c3 Bc5 4. Nf3 Nf6 5. Qe2 d6 6. O-O O-O 7. b4 Bb6 8. d3 h6
9. a4 a6 10. Be3 Bxe3 11. fxe3 Bg4 12. Nbd2 d5 13. exd5 Nxd5 14. Bxd5 Qxd5 15.
e4 Qd7 16. Qe3 Rfd8 17. b5 axb5 18. axb5 Rxa1 19. Rxa1 Ne7 20. Nxe5 Qe6 21. d4
f6 22. Nxg4 Qxg4 23. h3 Qe6 24. c4 Qb6 25. Nf3 Qe6 26. d5 Qf7 27. Qa7 f5 28.
exf5 Nxf5 29. Qxb7 Nd6 30. Qc6 Qf6 31. Rf1 Rc8 32. Re1 Qf4 33. c5 Nf5 34. Qe6+
Kh7 35. Qxc8 Ne3 36. Qe6 Nc2 37. Qe4+ Qxe4 38. Rxe4 Na3 39. b6 cxb6 40. cxb6 Nb5
41. Rb4 Nd6 42. b7 Nxb7 43. Rxb7 Kg6 44. d6 Kf6 45. Re7 g5 46. Re1 h5 47. d7 g4
48. hxg4 hxg4 49. Nd4 Kg5 50. d8=Q+ Kf4 51. Qf8+ Kg3 52. Qf2# {Black checkmated}
1-0

[Event "Team 45 45 League T27"]
[Site "Internet Chess Club"]
[Date "2005.06.17"]
[Round "1"]
[White "Catalog"]
[Black "AMAV"]
[Result "0-1"]
[WhiteElo "2095"]
[BlackElo "2108"]
[TimeControl "2700+45"]

1. e4 e6 2. d4 d5 3. Nc3 Bb4 4. e5 Ne7 5. Qg4 O-O 6. Bg5 c5 7. a3 cxd4 8. axb4
dxc3 9. bxc3 Qc7 10. O-O-O Ng6 11. Nf3 Qxc3 12. Bd3 Nc6 13. Rhe1 a5 14. b5 Qa3+
15. Kb1 Nb4 {White resigns} 0-1

[Event "Team 45 45 League T27"]
[Site "Internet Chess Club"]
[Date "2005.06.19"]
[Round "1"]
[White "MiroslavR"]
[Black "EdBorowski"]
[Result "0-1"]
[WhiteElo "2018"]
[BlackElo "2057"]
[TimeControl "2700+45"]

1. e4 c5 2. Nc3 Nc6 3. f4 g6 4. Nf3 Bg7 5. Bb5 Nd4 6. O-O a6 7. Bd3 b5 8. Nxd4
Bxd4+ 9. Kh1 Bg7 10. e5 Bb7 11. Be4 d5 12. exd6 Bxe4 13. Nxe4 exd6 14. Qf3 Ra7
15. f5 Be5 16. d3 Re7 17. fxg6 hxg6 18. Bf4 f5 19. Nc3 Bxf4 20. Qxf4 Nf6 21.
Rae1 Rxe1 22. Rxe1+ Kf7 23. Qf3 d5 24. Kg1 Qd6 25. h3 b4 26. Na4 Rc8 27. b3 c4
28. dxc4 dxc4 29. Rd1 Qc6 30. Qxc6 Rxc6 31. Rd2 cxb3 32. cxb3 Ne4 33. Rb2 Kf6
34. Kf1 Ke5 35. Ke2 Kd4 36. Kf3 Ke5 37. g4 fxg4+ 38. hxg4 Nc3 39. Rc2 Kd4 40.
Rd2+ Ke5 41. Nb2 Rf6+ 42. Kg2 Ke4 43. Nc4 Rf4 44. Nd6+ Ke3 45. Rb2 Rxg4+ 46. Kh3
Rg5 47. Nc4+ Kf3 48. Nd2+ Kf4 49. Nc4 Ne4 50. a3 bxa3 51. Nxa3 Kf3 52. Kh2 Nf2
53. b4 Rg2# {White checkmated} 0-1

[Event "Team 45 45 League T27"]
[Site "Internet Chess Club"]
[Date "2005.06.20"]
[Round "1"]
[White "Aldos"]
[Black "Squaredance"]
[Result "0-1"]
[WhiteElo "1995"]
[BlackElo "1960"]
[TimeControl "2700+45"]

1. e4 d5 2. exd5 Qxd5 3. Nc3 Qa5 4. Nf3 Nf6 5. Bc4 c6 6. d4 Bf5 7. O-O e6 8. Ne5
Nbd7 9. Bf4 Nxe5 10. Bxe5 O-O-O 11. a3 Bd6 12. b4 Qc7 13. Bg3 h5 14. b5 Bxg3 15.
b6 Bxh2+ 16. Kh1 Qxb6 17. Kxh2 Ng4+ 18. Kg1 Qc7 19. f4 Ne3 20. Qf3 Nxf1 21. Kxf1
Rxd4 {White resigns} 0-1

[Event "Team 45 45 League T27"]
[Site "Internet Chess Club"]
[Date "2005.06.21"]
[Round "1"]
[White "tourettes"]
[Black "tarheels"]
[Result "0-1"]
[WhiteElo "1800"]
[BlackElo "1802"]
[TimeControl "2700+45"]

1. e4 c5 2. Nc3 Nc6 3. g3 g6 4. Bg2 Bg7 5. Nge2 d6 6. O-O Nf6 7. d3 O-O 8. h3
Rb8 9. Be3 b5 10. Qd2 Re8 11. Bh6 Bh8 12. f4 e6 13. g4 b4 14. Nd1 Nd7 15. f5
exf5 16. gxf5 Nd4 17. fxg6 hxg6 18. Nf4 Qh4 19. Nd5 Ne5 20. Bg5 Qg3 21. Qe3
Nef3+ 22. Rxf3 Nxf3+ 23. Kf1 Nh2+ 24. Kg1 Bd4 25. Qxd4 cxd4 26. Nf6+ Kh8 27.
Nxe8 Bxh3 {White resigns} 0-1

[Event "Team 45 45 League T27"]
[Site "Internet Chess Club"]
[Date "2005.06.18"]
[Round "1"]
[White "bobhill"]
[Black "kostasgr"]
[Result "0-1"]
[WhiteElo "2049"]
[BlackElo "2089"]
[TimeControl "2700+45"]

1. d4 Nf6 2. Nf3 g6 3. Bg5 Bg7 4. Nbd2 O-O 5. e4 d6 6. c3 Nbd7 7. Be2 b6 8. O-O
Bb7 9. Qc2 h6 10. Bh4 c5 11. d5 Qe8 12. Rfe1 e5 13. Nc4 Qe7 14. Nfd2 g5 15. Bg3
h5 16. h4 g4 17. Ne3 Rfd8 18. f3 Bh6 19. Nf5 Qf8 20. Nc4 Nb8 21. Nce3 gxf3 22.
gxf3 Bc8 23. Kh1 Bxe3 24. Nxe3 Qh6 25. Rg1 Kh8 26. Nc4 Ba6 27. Nxd6 Rxd6 28.
Bxe5 Bxe2 29. Qxe2 Rd8 30. Rg5 Nd7 31. f4 Nxe5 32. fxe5 Ng4 33. Rf1 Rg8 34. Rgf5
Rae8 35. Rxf7 Rxe5 36. Rxa7 Qg6 37. Rff7 Nf6 38. Qf1 Qxe4+ 39. Kh2 Qxh4+ {White
resigns} 0-1

[Event "Team 45 45 League T27"]
[Site "Internet Chess Club"]
[Date "2005.06.19"]
[Round "1"]
[White "DeLaSalle"]
[Black "DTK"]
[Result "1/2-1/2"]
[WhiteElo "2035"]
[BlackElo "1959"]
[TimeControl "2700+45"]

1. d4 Nf6 2. Nf3 g6 3. Nc3 d5 4. Bf4 Bg7 5. e3 O-O 6. Be2 c5 7. O-O cxd4 8. exd4
Nc6 9. Ne5 Qb6 10. Nxc6 bxc6 11. Na4 Qa5 12. Nc5 Nd7 13. Nxd7 Bxd7 14. c3 Rfe8
15. b4 Qb6 16. Qd2 f6 17. Be3 Qc7 18. f4 e5 19. fxe5 fxe5 20. Rf2 Rf8 21. Raf1
Rxf2 22. Rxf2 a5 23. a3 axb4 24. axb4 Ra1+ 25. Bf1 Bf5 26. Bh6 exd4 27. Bxg7
Qxg7 28. cxd4 h5 29. Qc3 Rb1 30. Rb2 Rd1 31. Rd2 Rxd2 {Game drawn by mutual
agreement} 1/2-1/2

[Event "Team 45 45 League T27"]
[Site "Internet Chess Club"]
[Date "2005.06.20"]
[Round "1"]
[White "Lug"]
[Black "Triple-Xeon"]
[Result "1-0"]
[WhiteElo "1908"]
[BlackElo "1774"]
[TimeControl "2700+45"]

1. e4 c5 2. Nc3 e6 3. Nf3 Nc6 4. d4 cxd4 5. Nxd4 a6 6. Be3 Qc7 7. Bd3 Bb4 8. Qg4
Ne5 9. Qxg7 Ng6 10. Nf3 e5 11. Ng5 Bxc3+ 12. bxc3 Qxc3+ 13. Ke2 N8e7 14. Qxf7+
Kd8 15. Bb6+ {Black resigns} 1-0

[Event "Team 45 45 League T27"]
[Site "Internet Chess Club"]
[Date "2005.06.16"]
[Round "1"]
[White "rss"]
[Black "camembert"]
[Result "0-1"]
[WhiteElo "1783"]
[BlackElo "1827"]
[TimeControl "2700+45"]

1. e4 e5 2. Nf3 Nc6 3. Bb5 a6 4. Bxc6 dxc6 5. Nc3 f6 6. d4 exd4 7. Nxd4 c5 8.
Nde2 Qxd1+ 9. Nxd1 Be6 10. Bf4 O-O-O 11. Ne3 Ne7 12. Rd1 Rxd1+ 13. Kxd1 g5 14.
Bg3 Bg7 15. Kc1 f5 16. exf5 Nxf5 17. Nxf5 Bxf5 18. h4 Re8 19. Re1 gxh4 20. Bxh4
Bh6+ 21. Kd1 Re6 22. Bg3 Re7 23. f4 Be4 24. Nc3 Rd7+ 25. Ke2 Bxg2 26. Kf2 Rd2+
27. Re2 Rxe2+ 28. Nxe2 Be4 29. c3 Kd7 30. Ng1 b5 31. Nf3 b4 32. Nd2 Bd5 33. c4
Be6 34. Ke3 Bg7 35. b3 Bf5 36. Ne4 Bd4+ 37. Kf3 a5 38. Bh4 h5 39. Be1 Bg4+ 40.
Kg3 Bd1 41. Bf2 Bxf2+ 42. Kxf2 Bc2 43. Nd2 Ke6 44. Ke3 Kf5 45. Kf3 h4 46. Nf1
Bb1 47. Ne3+ Ke6 48. Kg4 Bxa2 49. f5+ Kf7 {White resigns} 0-1

[Event "Team 45 45 League T27"]
[Site "Internet Chess Club"]
[Date "2005.06.16"]
[Round "1"]
[White "StrayLite"]
[Black "SonnyBlack"]
[Result "0-1"]
[WhiteElo "1978"]
[BlackElo "2015"]
[TimeControl "2700+45"]

1. e4 c5 2. Nf3 d6 3. d4 cxd4 4. Nxd4 Nf6 5. Nc3 a6 6. Be3 e5 7. Nb3 Be7 8. f3
Be6 9. g4 d5 10. g5 d4 11. gxf6 Bxf6 12. Bf2 dxc3 13. bxc3 Nd7 14. c4 Rc8 15. c5
Bh4 16. Qd2 Bxf2+ 17. Qxf2 Qe7 18. c6 Rxc6 19. Na5 Qb4+ 20. Qd2 Qxd2+ 21. Kxd2
Rc7 22. Nxb7 Rxb7 23. Bxa6 Ra7 24. Bb5 Ke7 25. a4 Ra5 26. Kc3 Nb6 27. Kb4 Rha8
28. Ra3 Bd7 29. Bxd7 Kxd7 30. Rha1 Kc6 31. Rc3+ Kb7 32. Rca3 Nd7 33. Rc3 Nb8 34.
Rc4 Kb6 35. Ra3 Na6+ 36. Kc3 Nc5 37. Kd2 Rxa4 38. Rac3 Rxc4 39. Rxc4 Rd8+ 40.
Ke2 Kb5 41. Rc3 Kb4 42. Re3 Ne6 43. Rb3+ Kc4 44. Rb7 f6 45. Re7 Rd6 46. Ra7 Kc3
47. h4 Kxc2 {White resigns} 0-1

[Event "Team 45 45 League T27"]
[Site "Internet Chess Club"]
[Date "2005.06.19"]
[Round "1"]
[White "CogitoErgoSum"]
[Black "DocHoliday"]
[Result "0-1"]
[WhiteElo "1859"]
[BlackElo "1907"]
[TimeControl "2700+45"]

1. e4 c5 2. Nf3 Nc6 3. d4 cxd4 4. Nxd4 Nf6 5. Nc3 g6 6. Be3 Bg7 7. Bc4 O-O 8.
Qd2 Ng4 9. Nxc6 bxc6 10. Bd4 Bh6 11. Qd1 d6 12. h3 Nf6 13. Bxf6 exf6 14. Qd3 Qe7
15. O-O f5 16. Rad1 Rd8 17. Rfe1 fxe4 18. Rxe4 Qf6 19. Qe2 Bf5 20. Re7 d5 21.
Bb3 Bf8 22. Re3 Bc5 23. Rf3 Re8 24. Qa6 Bd6 25. g4 Qe5 26. Rg3 Bc5 27. Rf3 Be4
28. Nxe4 Qxe4 29. Qd3 Qxd3 30. Rdxd3 Bb6 31. Rf6 Re6 32. Rff3 Rae8 33. Rc3 Bd4
34. Rcd3 Bxb2 35. Ba4 Rd8 36. Rb3 Bd4 37. Rb7 Rf8 38. Rc7 Bb6 39. Rxc6 Rxc6 40.
Bxc6 d4 41. Bd5 Kg7 42. g5 f5 43. gxf6+ Rxf6 44. Rxf6 Kxf6 45. Kg2 Ke5 46. Bc6
Kf4 47. Bd5 h6 48. Bf7 g5 49. Bd5 h5 50. Bf7 h4 51. Bd5 Ba5 52. Be6 Ke5 53. Bb3
Ke4 54. Ba4 Kd5 55. Kf3 Kc5 56. Kg4 Bd2 57. Bb3 Kb4 58. a4 a5 59. Kf3 Kc3 60.
Ke2 Bf4 61. Kd1 d3 62. f3 Be3 63. cxd3 Kxb3 64. Ke2 Bf4 {White resigns} 0-1

[Event "Team 45 45 League T27"]
[Site "Internet Chess Club"]
[Date "2005.06.16"]
[Round "1"]
[White "PaulKaspar"]
[Black "LeifEricson"]
[Result "1-0"]
[WhiteElo "1848"]
[BlackElo "1849"]
[TimeControl "2700+45"]

1. e4 b6 2. d4 Bb7 3. d5 Nf6 4. Nc3 e6 5. dxe6 fxe6 6. e5 Nd5 7. Nxd5 Bxd5 8. c4
Bb7 9. Bd2 g6 10. Nf3 Qe7 11. Be2 Bg7 12. O-O O-O 13. Bg5 Qf7 14. Qd2 Nc6 15.
Qe3 Ne7 16. Rad1 Nf5 17. Qd3 d6 18. exd6 cxd6 19. b3 h6 20. Bc1 Rad8 21. Rd2 d5
22. Bb2 d4 23. Ne1 e5 24. Bf3 Rfe8 25. Bxb7 Qxb7 26. f3 Ne3 27. Rff2 Qc6 28. Nc2
Nf5 29. Nb4 Qc5 30. Nd5 Ne3 31. Qxg6 Nxd5 32. cxd5 Qxd5 33. Bc1 Re6 34. Qg4 Rc6
35. Rc2 d3 36. Rxc6 Qxc6 37. Bd2 Rd4 38. Qg3 Qd6 39. Rf1 Qc5 40. Kh1 Rd6 41. Rc1
Qd4 42. h3 Qb2 43. Rc7 Qa1+ 44. Kh2 e4 45. Rxg7+ Qxg7 46. Qxd6 exf3 47. Qg3 f2
48. Qxf2 Qb2 49. Qg3+ {Black resigns} 1-0

[Event "Team 45 45 League T27"]
[Site "Internet Chess Club"]
[Date "2005.06.20"]
[Round "1"]
[White "SnoopDoggyDogg"]
[Black "kabindra"]
[Result "1-0"]
[WhiteElo "1825"]
[BlackElo "1872"]
[TimeControl "2700+45"]

1. e4 e5 2. Nf3 Nc6 3. Bb5 a6 4. Ba4 Nf6 5. O-O b5 6. Bb3 Bb7 7. Re1 Bc5 8. c3
Qe7 9. d4 Bb6 10. a4 d6 11. axb5 axb5 12. Rxa8+ Bxa8 13. Na3 Na7 14. Bg5 O-O 15.
Nc2 c6 16. Nh4 Bd8 17. Nf5 Qc7 18. Qf3 Ne8 19. Bxd8 Qxd8 20. Qg4 Kh8 21. Re3 Bb7
22. dxe5 dxe5 23. Rg3 Bc8 24. Qe2 c5 25. Qh5 c4 26. Ba2 Bxf5 27. exf5 Qd2 28.
Ne3 Qc1+ 29. Qd1 Qxb2 30. Qb1 Qxc3 31. Nxc4 Qd4 32. Rd3 Qe4 33. Ne3 Nf6 34. Bxf7
b4 35. Qb3 Nc6 36. Bc4 Rb8 37. Rd6 h6 38. f3 Qh4 39. Rxc6 Qe1+ 40. Nf1 e4 41.
Re6 Qc3 42. Qxc3 bxc3 43. Rc6 exf3 44. gxf3 Rb1 45. Rc8+ Kh7 46. Bf7 h5 47. Bg6+
Kh6 48. h4 {Black resigns} 1-0